[Event "Team 45 45 League T96"]
[Site "Internet Chess Club"]
[Date "2023.06.04"]
[Round "4"]
[White "CMAlge"]
[Black "manfredo"]
[Result "1/2-1/2"]
[WhiteElo "1389"]
[BlackElo "1530"]
[Opening "KGA: Cunningham defense"]
[ECO "C35"]
[Time "14:00:57"]
[PlyCount "125"]
[TimeControl "2700+45"]

1. e4 e5 2. f4 exf4 3. Nf3 Be7 4. Bc4 Bh4+ 5. Nxh4 Qxh4+ 6. Kf1 Nf6 7. d3 Nc6 8.
Qf3 Nd4 9. Qf2 Qxf2+ 10. Kxf2 Nxc2 11. Bxf4 Nxa1 12. Na3 d6 13. Rxa1 Be6 14.
Bb5+ Ke7 15. Rd1 Bxa2 16. Re1 Nh5 17. Be3 a6 18. Ba4 b5 19. Bd1 Be6 20. Bxh5 g6
21. Bf3 h5 22. e5 Rag8 23. exd6+ Kxd6 24. Bf4+ Kd7 25. Rc1 c5 26. Rxc5 Rc8 27.
Rxc8 Rxc8 28. Bb7 Rc5 29. Bxa6 Kc6 30. Bxb5+ Rxb5 31. Nxb5 Kxb5 32. Bg5 Kc5 33.
Ke3 Kd5 34. Bf6 Bd7 35. Kf4 Ke6 36. Kg5 Bc6 37. g3 Bb5 38. d4 Bc6 39. b4 Bb5 40.
Be5 Be8 41. Bf6 Bb5 42. d5+ Kxd5 43. h3 Bd7 44. g4 hxg4 45. hxg4 Ke4 46. Kh6
Bxg4 47. Kg7 Be6 48. b5 Kd5 49. b6 Kc6 50. Bd4 g5 51. Kf6 g4 52. Bf2 Kd7 53. Bg3
Kc8 54. Bf2 Bd5 55. Bg3 Kb7 56. Bf2 Be6 57. Kg5 f5 58. Kf4 Bc8 59. Be3 Kc6 60.
Bf2 Bd7 61. Be3 Kb7 62. Bf2 Kc8 63. Be3 {Game drawn by mutual agreement} 1/2-1/2

[Event "Team 45 45 League T96"]
[Site "Internet Chess Club"]
[Date "2023.06.05"]
[Round "4"]
[White "fvafier"]
[Black "BlueStorm"]
[Result "0-1"]
[WhiteElo "1521"]
[BlackElo "1571"]
[Opening "QGD Slav: 4.e3"]
[ECO "D11"]
[Time "18:00:19"]
[PlyCount "56"]
[TimeControl "2700+45"]

1. d4 d5 2. Nf3 c6 3. c4 Nf6 4. e3 e6 5. b3 Be7 6. Bb2 b6 7. Bd3 Nbd7 8. O-O O-O
9. Nbd2 c5 10. cxd5 Nxd5 11. Rc1 Bb7 12. Qe2 Nb4 13. Bb1 Rc8 14. a3 Nd5 15. dxc5
Nxc5 16. b4 Nd7 17. Qd3 N7f6 18. e4 Nf4 19. Qe3 N6h5 20. Rfd1 Bg5 21. Nxg5 Qxg5
22. Qf3 Ba6 23. Re1 Rfd8 24. Rxc8 Rxc8 25. e5 Nh3+ 26. Qxh3 Qxd2 27. Rc1 Rxc1+
28. Bxc1 Qe1# {White checkmated} 0-1

[Event "Team 45 45 League T96"]
[Site "Internet Chess Club"]
[Date "2023.06.04"]
[Round "4"]
[White "Reykjaviking"]
[Black "Denis240964"]
[Result "1/2-1/2"]
[WhiteElo "1329"]
[BlackElo "1308"]
[Opening "Queen's pawn game"]
[ECO "D02"]
[Time "13:00:18"]
[PlyCount "160"]
[TimeControl "2700+45"]

1. Nf3 d5 2. d4 e6 3. b3 c5 4. e3 Nc6 5. Bb2 Nf6 6. c4 b6 7. cxd5 Qxd5 8. Nc3
Qd8 9. Bb5 Bb7 10. O-O Rc8 11. Re1 Be7 12. Qc2 a6 13. Be2 Nb4 14. Qd1 O-O 15. a3
cxd4 16. Nxd4 Nc6 17. Nxc6 Rxc6 18. Bf3 Rc7 19. Rc1 Bxf3 20. Qxf3 Qc8 21. Red1
Bxa3 22. Bxa3 Rxc3 23. Rxc3 Qxc3 24. Bxf8 Kxf8 25. Qa8+ Ne8 26. Qxa6 Qxb3 27.
Qa1 b5 28. Rb1 Qc4 29. h3 Ke7 30. Qa3+ Nd6 31. Qa7+ Kf6 32. Qd4+ Qxd4 33. exd4
e5 34. d5 e4 35. Kf1 Ke5 36. Rd1 g5 37. g3 f5 38. Ke2 f4 39. gxf4+ gxf4 40. f3
e3 41. h4 h5 42. Rd3 b4 43. Rb3 Kxd5 44. Rxb4 Ke5 45. Rb8 Nf5 46. Rb5+ Ke6 47.
Kd3 Nxh4 48. Ke2 Nf5 49. Kd3 Ng3 50. Rb6+ Kf5 51. Rb5+ Kg6 52. Rb6+ Kg5 53. Rb5+
Kh4 54. Rb4 Kg5 55. Rb5+ Kf6 56. Rb6+ Kg5 57. Rb5+ Kh4 58. Rb4 Kg5 59. Rb5+ Nf5
60. Rb8 h4 61. Rg8+ Kh5 62. Rf8 Kg6 63. Ra8 h3 64. Rg8+ Kh5 65. Rf8 Nh6 66. Ra8
Kh4 67. Ra1 h2 68. Rh1 Kh3 69. Re1 Nf5 70. Ke4 Nd6+ 71. Kxf4 Nc4 72. Rc1 e2 73.
Re1 Kg2 74. Rxe2+ Kg1 75. Re1+ Kg2 76. Re2+ Kg1 77. Rxh2 Kxh2 78. Kf5 Kg3 79. f4
Ne3+ 80. Kg5 Kf3 {Game drawn by mutual agreement} 1/2-1/2

[Event "Team 45 45 League T96"]
[Site "Internet Chess Club"]
[Date "2023.06.04"]
[Round "4"]
[White "garytd"]
[Black "jfkingiii"]
[Result "0-1"]
[WhiteElo "1441"]
[BlackElo "1441"]
[Opening "Petrov: Nimzovich attack"]
[ECO "C42"]
[Time "19:00:18"]
[PlyCount "104"]
[TimeControl "2700+45"]

1. e4 e5 2. Nf3 Nf6 3. Nxe5 d6 4. Nf3 Nxe4 5. Nc3 Nxc3 6. dxc3 Be7 7. Bc4 O-O 8.
Be3 Nc6 9. Qd2 Ne5 10. Be2 Bf5 11. Nd4 Bg6 12. f3 Re8 13. O-O-O d5 14. g4 h6 15.
f4 Nc4 16. Bxc4 dxc4 17. Qg2 Bd6 18. Qf2 Qe7 19. Rde1 Qd7 20. f5 Bh7 21. h4 c5
22. Nf3 Qc7 23. Rhg1 Rad8 24. Kb1 Bf4 25. Bxc5 Rxe1+ 26. Rxe1 b6 27. Bd4 Bg3 28.
Be5 Bxe5 29. a3 Bg3 30. Qe2 Bxe1 31. Qxe1 Qd7 32. Nd4 g6 33. Qf1 gxf5 34. gxf5
Qd5 35. Qg1+ Kf8 36. f6 Ke8 37. Qg7 Qh1+ 38. Ka2 Rxd4 39. cxd4 Bxc2 40. Qg8+ Kd7
41. Qxf7+ Kd6 42. Qe7+ Kc6 43. Qe8+ Kb7 44. Qd7+ Ka6 45. Qc8+ Ka5 46. b4+ cxb3+
47. Kb2 Qb1+ 48. Kc3 Qe1+ 49. Kb2 Qb1+ 50. Kc3 Qc1 51. Qf8 Bb1+ 52. Kxb3 Qc2#
{White checkmated} 0-1

[Event "Team 45 45 League T96"]
[Site "Internet Chess Club"]
[Date "2023.06.03"]
[Round "4"]
[White "rjhoro"]
[Black "Electryon"]
[Result "0-1"]
[WhiteElo "1158"]
[BlackElo "1412"]
[Opening "Dutch"]
[ECO "A80"]
[Time "17:00:18"]
[PlyCount "38"]
[TimeControl "2700+45"]

1. d4 f5 2. Nc3 Nf6 3. g3 e6 4. Bg2 Be7 5. Nf3 O-O 6. O-O d6 7. Re1 Ne4 8. Qd3
d5 9. Ne5 c5 10. b3 cxd4 11. Qxd4 Bf6 12. Nxe4 fxe4 13. f4 exf3 14. exf3 Nc6 15.
Qg4 Nxe5 16. Qf4 Nxf3+ 17. Bxf3 Bxa1 18. Qe3 Qf6 19. Bg2 Bd4 {White resigns} 0-1

[Event "Team 45 45 League T96"]
[Site "Internet Chess Club"]
[Date "2023.06.02"]
[Round "4"]
[White "sdcohle"]
[Black "Kingofknights"]
[Result "0-1"]
[WhiteElo "1339"]
[BlackElo "1569"]
[Opening "Caro-Kann defense"]
[ECO "B10"]
[Time "17:30:29"]
[PlyCount "130"]
[TimeControl "2700+45"]

1. e4 c6 2. Nf3 d5 3. exd5 cxd5 4. Ne5 Nf6 5. d4 a6 6. c3 Nbd7 7. Nxd7 Bxd7 8.
Bd3 Qc7 9. Nd2 e6 10. Nf3 Bb5 11. Bxb5+ axb5 12. Qd3 Qc4 13. Ne5 Qxd3 14. Nxd3
Ne4 15. O-O Bd6 16. f3 Nf6 17. f4 Ne4 18. f5 Ke7 19. fxe6 fxe6 20. Nf2 Nf6 21.
Be3 b4 22. cxb4 Bxb4 23. a3 Bd6 24. Nd3 Ng4 25. Bg5+ Nf6 26. Ne5 Ra4 27. Rad1
Rc8 28. Rd2 b5 29. Ng4 h6 30. Bxf6+ gxf6 31. Nxf6 Rf8 32. Ng4 Rxd4 33. Rxd4 Bc5
34. Rd1 Rf4 35. Ne5 Kd6 36. Nf3 e5 37. g3 Re4 38. Nh4 Ke6 39. Nf3 exd4 40. Kg2
Re2+ 41. Kf1 Rxb2 42. Nxd4+ Bxd4 43. Rxd4 Rxh2 44. Rb4 Ra2 45. Rb3 Ke5 46. Rxb5
Rxa3 47. Kg2 Ra6 48. Kh3 Rg6 49. Rb8 Ke4 50. Re8+ Kd3 51. Kh4 d4 52. Rd8 Rc6 53.
g4 Kc3 54. Kg3 d3 55. Kf2 d2 56. Ke2 Re6+ 57. Kf3 Re1 58. Rc8+ Kb2 59. Rb8+ Kc1
60. Rc8+ Kd1 61. Ra8 Re6 62. Kf2 Re2+ 63. Kf3 Ke1 64. Ra1+ d1=Q 65. Rxd1+ Kxd1
{White resigns} 0-1

[Event "Team 45 45 League T96"]
[Site "Internet Chess Club"]
[Date "2023.06.05"]
[Round "4"]
[White "kingphisch"]
[Black "BIRDSMAN"]
[Result "1/2-1/2"]
[WhiteElo "1325"]
[BlackElo "1367"]
[Opening "Sicilian: Grand Prix attack"]
[ECO "B23"]
[Time "15:09:14"]
[PlyCount "22"]
[TimeControl "2700+45"]

1. e4 c5 2. Nc3 Nc6 3. f4 e6 4. Bb5 Nge7 5. Nf3 d6 6. O-O a6 7. Bxc6+ Nxc6 8. d3
g6 9. a3 Bg7 10. Qe1 O-O 11. e5 d5 {Game drawn by mutual agreement} 1/2-1/2

[Event "Team 45 45 League T96"]
[Site "Internet Chess Club"]
[Date "2023.06.04"]
[Round "4"]
[White "fishhead"]
[Black "VictorRed"]
[Result "1-0"]
[WhiteElo "1645"]
[BlackElo "1634"]
[Opening "Sicilian: Sozin, not Scheveningen"]
[ECO "B57"]
[Time "20:00:37"]
[PlyCount "111"]
[TimeControl "2700+45"]

1. e4 c5 2. Nf3 Nc6 3. d4 cxd4 4. Nxd4 d6 5. Bc4 Nf6 6. Nc3 g6 7. Bb3 Bg7 8.
Nxc6 bxc6 9. f3 Nd7 10. Na4 Qa5+ 11. Bd2 Qc7 12. c4 Ba6 13. Qc2 c5 14. Bc3 O-O
15. Bxg7 Kxg7 16. Qc3+ Kg8 17. Bc2 Ne5 18. b3 Nc6 19. h4 Nd4 20. h5 e5 21. Qd3
Bb7 22. O-O-O Bc6 23. Nc3 g5 24. h6 f6 25. g3 a5 26. a4 Rab8 27. Nb5 Bxb5 28.
axb5 Rf7 29. Kb2 Ra8 30. Ra1 Qc8 31. Ra4 Rfa7 32. Bd1 Qd8 33. Qd2 Rf7 34. f4
exf4 35. gxf4 Ne6 36. Rg1 Kf8 37. Bh5 Re7 38. Qc3 Rea7 39. fxg5 Nf4 40. Bg4 Rf7
41. Rd1 fxg5 42. Qh8+ Ke7 43. Qxd8+ Rxd8 44. Rxa5 Ne6 45. Ra7+ Kf6 46. Rxf7+
Kxf7 47. e5 Nd4 48. exd6 Rxd6 49. Kc3 Rxh6 50. b4 cxb4+ 51. Kxb4 Nc2+ 52. Kc5
Ne3 53. Rd4 Rh4 54. b6 Rh1 55. b7 Rb1 56. Kc6 {Black resigns} 1-0

[Event "Team 45 45 League T96"]
[Site "Internet Chess Club"]
[Date "2023.06.03"]
[Round "4"]
[White "QuieroAprender"]
[Black "zethhon"]
[Result "1-0"]
[WhiteElo "1660"]
[BlackElo "1488"]
[Opening "Queen's pawn: London system"]
[ECO "A45"]
[Time "20:07:04"]
[PlyCount "107"]
[TimeControl "2700+45"]

1. d4 Nf6 2. Bf4 d5 3. e3 e6 4. Nf3 c5 5. c3 Bd6 6. Ne5 Qc7 7. Na3 a6 8. Qa4+
Bd7 9. Nxd7 Qxd7 10. Qxd7+ Kxd7 11. Bxd6 Kxd6 12. dxc5+ Kxc5 13. c4 Kd6 14.
O-O-O Ke7 15. cxd5 Nxd5 16. Bc4 Nb6 17. Bb3 N8d7 18. Kb1 Nc5 19. Bc2 Nd5 20. Rd4
b5 21. b4 Nd7 22. Be4 Nc3+ 23. Kb2 Nxe4 24. Rxe4 Rac8 25. Rd1 e5 26. Nb1 f5 27.
Rh4 h5 28. Rh3 g5 29. e4 Rc4 30. exf5 Rxb4+ 31. Ka1 Rf4 32. Rhd3 Nf6 33. f3 Rxf5
34. Rc1 Rd8 35. Rxd8 Kxd8 36. Rc6 g4 37. Nd2 Kd7 38. Rxa6 Nd5 39. Ne4 gxf3 40.
gxf3 Rxf3 41. Rd6+ Ke7 42. Rxd5 Ke6 43. Rxb5 Rf4 44. Rb4 Kf5 45. Ng3+ Kg4 46.
Re4 h4 47. Rxe5 hxg3 48. hxg3 Kxg3 49. Kb2 Rd4 50. Kb3 Kf4 51. Re7 Rd3+ 52. Kb4
Rd6 53. a4 Kf5 54. a5 {Black resigns} 1-0

[Event "Team 45 45 League T96"]
[Site "Internet Chess Club"]
[Date "2023.06.06"]
[Round "4"]
[White "jonesey"]
[Black "Tufnell"]
[Result "0-1"]
[WhiteElo "1863"]
[BlackElo "1970"]
[Opening "English: symmetrical, Botvinnik system"]
[ECO "B20"]
[Time "12:01:18"]
[PlyCount "58"]
[TimeControl "2700+45"]

1. e4 c5 2. c4 Nc6 3. Nc3 g6 4. g3 Bg7 5. Bg2 a6 6. a3 Rb8 7. Rb1 b5 8. cxb5
axb5 9. b4 c4 10. Nf3 d6 11. h3 f5 12. Bb2 Nf6 13. exf5 Bxf5 14. Nh4 Bd7 15. O-O
Ne5 16. Nd5 Nxd5 17. Bxd5 Bxh3 18. f4 Bxf1 19. Kxf1 e6 20. Bxe6 Qe7 21. Bd5 Nd3
22. Bxg7 Qxg7 23. Nf3 h6 24. a4 Qa7 25. Qe2+ Kd8 26. axb5 Re8 27. Qh2 Qa2 28.
Rd1 Nxb4 29. Bf7 Qb3 {White resigns} 0-1

[Event "Team 45 45 League T96"]
[Site "Internet Chess Club"]
[Date "2023.06.03"]
[Round "4"]
[White "Pruett1988"]
[Black "pmarcal"]
[Result "1-0"]
[WhiteElo "1701"]
[BlackElo "1719"]
[Opening "English opening"]
[ECO "A16"]
[Time "14:04:25"]
[PlyCount "87"]
[TimeControl "2700+45"]

1. c4 Nf6 2. Nc3 g6 3. g3 Bg7 4. Bg2 O-O 5. Nf3 d6 6. O-O e5 7. d3 Nc6 8. Rb1 a5
9. a3 Ne8 10. e4 f5 11. b4 axb4 12. axb4 f4 13. b5 Nd4 14. Nxd4 exd4 15. Nd5 g5
16. gxf4 gxf4 17. Nxf4 Qh4 18. Qf3 c6 19. Qg3 Qe7 20. Nh5 Kh8 21. Nxg7 Nxg7 22.
f4 Rg8 23. Qf3 Qh4 24. f5 Nh5 25. Qf2 Qf6 26. Kh1 Qe5 27. Qf3 Nf6 28. Bf4 Qe7
29. bxc6 bxc6 30. Bh3 Ra3 31. Rg1 Rxg1+ 32. Rxg1 Qxe4 33. Qxe4 Nxe4 34. dxe4
Rxh3 35. Bxd6 h5 36. Be5+ Kh7 37. Rg7+ Kh6 38. Rc7 Bxf5 39. exf5 Kg5 40. Bg3 d3
41. Rd7 h4 42. Kg2 Kxf5 43. Rxd3 Ke4 44. Rd8 {Black resigns} 1-0

[Event "Team 45 45 League T96"]
[Site "Internet Chess Club"]
[Date "2023.06.01"]
[Round "4"]
[White "garytd"]
[Black "magiclydonkey"]
[Result "0-1"]
[WhiteElo "1458"]
[BlackElo "1457"]
[Opening "Sicilian: Grand Prix attack"]
[ECO "B23"]
[Time "17:00:23"]
[PlyCount "60"]
[TimeControl "2700+45"]

1. e4 c5 2. Nc3 Nc6 3. f4 d6 4. Bb5 Bd7 5. Nf3 a6 6. Ba4 b5 7. Nxb5 axb5 8. Bxb5
Rb8 9. Be2 Nf6 10. d3 g6 11. O-O Bg7 12. c3 O-O 13. h3 c4 14. e5 cxd3 15. Bxd3
Ne8 16. Qe2 Qa5 17. b4 Qc7 18. b5 Na5 19. c4 Be6 20. Bb2 Bxc4 21. Bxc4 Qxc4 22.
Qf2 Qxf4 23. Qa7 Nc6 24. Qd7 Qe3+ 25. Kh1 Rxb5 26. Rfe1 Qb6 27. Bc3 dxe5 28. a4
Nf6 29. Qd3 Rd5 30. Qc4 Rc5 {White resigns} 0-1

[Event "Team 45 45 League T96"]
[Site "Internet Chess Club"]
[Date "2023.06.03"]
[Round "4"]
[White "LookImYourVader"]
[Black "Sandrotov"]
[Result "1/2-1/2"]
[WhiteElo "1769"]
[BlackElo "1620"]
[Opening "Two knights defense (Modern bishop's opening)"]
[ECO "C24"]
[Time "15:00:24"]
[PlyCount "104"]
[TimeControl "2700+45"]

1. e4 e5 2. Bc4 Nf6 3. d3 Nc6 4. Nf3 Be7 5. c3 O-O 6. Nbd2 d5 7. exd5 Nxd5 8.
O-O Kh8 9. Re1 f6 10. h3 a6 11. Bb3 Nf4 12. d4 exd4 13. Ne4 Ng6 14. cxd4 Bb4 15.
Bd2 Nge7 16. a3 Ba5 17. Rc1 Bb6 18. Bc3 Nd5 19. Bc2 Bd7 20. Ng3 Nce7 21. Nh4 f5
22. Re5 Nxc3 23. bxc3 Nc6 24. Nf3 Nxe5 25. Nxe5 Be6 26. Qh5 Qf6 27. Qf3 c6 28.
Rb1 Bc7 29. Nh5 Qh6 30. Rxb7 Bd5 31. Qe2 Rac8 32. c4 Be4 33. Bxe4 fxe4 34. Ng3
Qf4 35. Nh5 Qc1+ 36. Kh2 Rf7 37. Qg4 Rcf8 38. Rxc7 Rxc7 39. Qxe4 Qxa3 40. Nf4
Kg8 41. Ne6 Qd6 42. Nxf8 Qxf8 43. Nxc6 Qd6+ 44. Ne5 Rc8 45. c5 Qd8 46. Qb7 a5
47. g3 h6 48. Nc6 Rxc6 49. Qxc6 Qxd4 50. Qe8+ Kh7 51. Qe3 Qc4 52. Qa3 a4 {Game
drawn by mutual agreement} 1/2-1/2

[Event "Team 45 45 League T96"]
[Site "Internet Chess Club"]
[Date "2023.06.02"]
[Round "4"]
[White "dalmata"]
[Black "fishhead"]
[Result "1-0"]
[WhiteElo "1543"]
[BlackElo "1628"]
[Opening "Grünfeld: 5.e3"]
[ECO "D94"]
[Time "11:00:23"]
[PlyCount "55"]
[TimeControl "2700+45"]

1. d4 Nf6 2. c4 g6 3. Nc3 d5 4. e3 Bg7 5. Nf3 O-O 6. Be2 dxc4 7. Bxc4 Nbd7 8.
O-O c5 9. Qc2 Nb6 10. Be2 Bf5 11. Qb3 Rc8 12. dxc5 Rxc5 13. Rd1 Qc8 14. Nd4 Bd7
15. Qa3 a6 16. Nb3 Rc7 17. Qb4 Nc4 18. Bxc4 Rxc4 19. Qxe7 Re8 20. Qd6 Bc6 21.
Rd4 Rxc3 22. bxc3 Ne4 23. Qb4 Bxd4 24. Nxd4 Qg4 25. f3 Qh4 26. g3 Nxg3 27. Nxc6
bxc6 28. Qxh4 {Black resigns} 1-0

[Event "Team 45 45 League T96"]
[Site "Internet Chess Club"]
[Date "2023.06.03"]
[Round "4"]
[White "fireball"]
[Black "Manch"]
[Result "1-0"]
[WhiteElo "1537"]
[BlackElo "1413"]
[Opening "Ruy Lopez: old Steinitz defense"]
[ECO "C62"]
[Time "14:15:48"]
[PlyCount "61"]
[TimeControl "2700+45"]

1. e4 e5 2. Nf3 Nc6 3. Bb5 d6 4. O-O Bg4 5. Bxc6+ bxc6 6. h3 h5 7. d3 Bd7 8. Nc3
f6 9. Nh4 g5 10. Ng6 Rh7 11. Nxf8 Kxf8 12. Be3 h4 13. d4 exd4 14. Qxd4 Nh6 15.
f4 c5 16. Qd2 g4 17. f5 Kg7 18. Bxh6+ Rxh6 19. hxg4 Bc8 20. g5 fxg5 21. f6+ Kg6
22. Nd5 Kf7 23. Qxg5 Rg6 24. Qxh4 Rg8 25. Qh7+ Ke6 26. f7 Rg5 27. f8=Q Qxf8 28.
Rxf8 Ke5 29. c3 Bf5 30. Rxf5+ Kxe4 31. Rxg5# {Black checkmated} 1-0

[Event "Team 45 45 League T96"]
[Site "Internet Chess Club"]
[Date "2023.06.04"]
[Round "4"]
[White "garytd"]
[Black "isolani"]
[Result "1/2-1/2"]
[WhiteElo "1459"]
[BlackElo "1481"]
[Opening "Philidor: Hanham variation"]
[ECO "C41"]
[Time "16:00:18"]
[PlyCount "92"]
[TimeControl "2700+45"]

1. e4 e5 2. Nf3 d6 3. d4 Nd7 4. c3 Be7 5. Bc4 Ngf6 6. Qc2 O-O 7. Bg5 Nh5 8. Be3
c6 9. Nbd2 a5 10. a4 b6 11. O-O Bb7 12. Ba2 Rc8 13. Nc4 b5 14. axb5 cxb5 15.
Nxa5 Ba8 16. b4 Nhf6 17. d5 Ng4 18. Qd2 Ndf6 19. Bb1 Nxe3 20. Qxe3 Ng4 21. Qd3
f5 22. exf5 Nf6 23. Nc6 Bxc6 24. dxc6 e4 25. Qxb5 exf3 26. Ra7 Rc7 27. Rxc7 Qxc7
28. Ba2+ Kh8 29. Be6 fxg2 30. Ra1 d5 31. Qb7 Bd6 32. Qxc7 Bxc7 33. Ra7 Ne8 34.
Kxg2 g6 35. fxg6 hxg6 36. Rb7 Be5 37. Bxd5 Nd6 38. Re7 Bxc3 39. c7 Bxb4 40. Rd7
Bc5 41. f3 Rc8 42. Rd8+ Kg7 43. Rxc8 Nxc8 44. Be6 Nd6 45. c8=Q Nxc8 46. Bxc8 g5
{Game drawn by mutual agreement} 1/2-1/2

[Event "Team 45 45 League T96"]
[Site "Internet Chess Club"]
[Date "2023.06.05"]
[Round "4"]
[White "kabindra"]
[Black "julesraider"]
[Result "0-1"]
[WhiteElo "1754"]
[BlackElo "1569"]
[Opening "Caro-Kann: advance variation"]
[ECO "B12"]
[Time "10:00:17"]
[PlyCount "68"]
[TimeControl "2700+45"]

1. e4 c6 2. d4 d5 3. e5 c5 4. c3 Nc6 5. Nf3 Bg4 6. Qd3 cxd4 7. cxd4 Bxf3 8. gxf3
e6 9. Nc3 Nge7 10. Bg5 Qb6 11. O-O-O a6 12. a3 Nf5 13. Be3 Na5 14. Na4 Rc8+ 15.
Kb1 Qd8 16. Bd2 Nc4 17. Qb3 Nxd4 18. Qxb7 Nxa3+ 19. Ka2 Rb8 20. Ba5 Rxb7 21.
Bxd8 Nab5 22. Bb6 Nxf3 23. Rc1 Rb8 24. Bc7 Nxc7 25. Rxc7 Nxe5 26. Bxa6 Bd6 27.
Bb5+ Kf8 28. Ra7 g6 29. Ba6 Kg7 30. f4 Nc6 31. Rd7 Bxf4 32. Nc5 Rhe8 33. Rf1 e5
34. Rxd5 Nb4+ {White resigns} 0-1

[Event "Team 45 45 League T96"]
[Site "Internet Chess Club"]
[Date "2023.06.04"]
[Round "4"]
[White "mongmong"]
[Black "alexcolins"]
[Result "0-1"]
[WhiteElo "1437"]
[BlackElo "1451"]
[Opening "King's Indian: 5.Nf3"]
[ECO "E90"]
[Time "09:47:10"]
[PlyCount "72"]
[TimeControl "2700+45"]

1. d4 Nf6 2. Nf3 g6 3. c4 d6 4. Nc3 Bg7 5. e4 Bg4 6. Be2 h6 7. Be3 O-O 8. Rc1
Nbd7 9. d5 Re8 10. h3 Bxf3 11. Bxf3 Ne5 12. Be2 c6 13. f4 Ned7 14. O-O cxd5 15.
exd5 a6 16. b3 Rc8 17. Bd4 e5 18. dxe6 fxe6 19. Bf3 e5 20. fxe5 dxe5 21. Bf2 e4
22. Be2 Rc7 23. Be3 Qe7 24. Nd5 Nxd5 25. Qxd5+ Kh7 26. Bg4 Nf6 27. Qd1 Rd8 28.
Qc2 Nxg4 29. hxg4 Rd3 30. Qe2 Rcd7 31. Kh1 Qh4+ 32. Kg1 Rxe3 33. Qf2 Qxf2+ 34.
Rxf2 Red3 35. Re2 e3 36. Rce1 Bc3 {White resigns} 0-1

[Event "Team 45 45 League T96"]
[Site "Internet Chess Club"]
[Date "2023.06.05"]
[Round "4"]
[White "Kingofknights"]
[Black "clarinetref"]
[Result "0-1"]
[WhiteElo "1537"]
[BlackElo "1530"]
[Opening "Nimzo-Indian: 4.e3 O-O, 5.Bd3"]
[ECO "E47"]
[Time "11:36:34"]
[PlyCount "58"]
[TimeControl "2700+45"]

1. d4 Nf6 2. c4 e6 3. Nc3 Bb4 4. e3 O-O 5. Bd3 b6 6. Ne2 Bb7 7. f3 d5 8. cxd5
Nxd5 9. O-O Bxc3 10. Nxc3 Nd7 11. e4 Nb4 12. Bb1 c5 13. a3 cxd4 14. Qxd4 Nc6 15.
Qf2 Qe7 16. b4 Rac8 17. Bb2 Nce5 18. Ne2 Nc4 19. Bc1 Rfd8 20. Bd3 Nde5 21. Bxc4
Nxc4 22. Nd4 Qf6 23. Nb3 Ba6 24. Re1 Ne5 25. Qe3 Rd3 26. Qe2 Bc4 27. Nd2 Rxa3
28. Bxa3 Bxe2 29. Rxe2 Nxf3+ {White resigns} 0-1

[Event "Team 45 45 League T96"]
[Site "Internet Chess Club"]
[Date "2023.06.04"]
[Round "4"]
[White "herrahuu"]
[Black "DaveTheRook"]
[Result "0-1"]
[WhiteElo "1450"]
[BlackElo "1426"]
[Opening "Robatsch (modern) defense"]
[ECO "B07"]
[Time "12:02:57"]
[PlyCount "46"]
[TimeControl "2700+45"]

1. e4 d6 2. d4 g6 3. Nc3 Bg7 4. Be3 Nf6 5. f3 O-O 6. Qd2 Nbd7 7. O-O-O c6 8. g4
Qa5 9. h4 h5 10. gxh5 Nxh5 11. Nge2 b5 12. a3 Nb6 13. Nf4 b4 14. axb4 Qa1+ 15.
Nb1 Ba6 16. Qc3 Bxf1 17. Rhxf1 Qa6 18. Nxh5 gxh5 19. Rg1 Kh7 20. Rg5 Rg8 21.
Rdg1 Bh6 22. Rxg8 Rxg8 23. Rxg8 Qf1+ {White resigns} 0-1

[Event "Team 45 45 League T96"]
[Site "Internet Chess Club"]
[Date "2023.06.03"]
[Round "4"]
[White "kabubi"]
[Black "SeniorCitizen"]
[Result "0-1"]
[WhiteElo "1156"]
[BlackElo "1222"]
[Opening "French: Rubinstein variation"]
[ECO "C10"]
[Time "13:04:20"]
[PlyCount "42"]
[TimeControl "2700+45"]

1. e4 e6 2. d4 d5 3. Nc3 dxe4 4. Nxe4 Nf6 5. Nxf6+ Qxf6 6. Nf3 Qd8 7. Bc4 Be7 8.
O-O O-O 9. Re1 c6 10. a4 b6 11. c3 Bb7 12. Be3 Nd7 13. b4 c5 14. b5 Rc8 15. Ra2
Nf6 16. dxc5 Qxd1 17. Rxd1 Bxf3 18. gxf3 Bxc5 19. Rad2 Bxe3 20. fxe3 Rxc4 21.
Rd8 Rc8 {White resigns} 0-1

[Event "Team 45 45 League T96"]
[Site "Internet Chess Club"]
[Date "2023.06.04"]
[Round "4"]
[White "woofgang"]
[Black "rgadoury"]
[Result "1/2-1/2"]
[WhiteElo "1191"]
[BlackElo "1117"]
[Opening "Bird's opening"]
[ECO "A03"]
[Time "15:07:56"]
[PlyCount "82"]
[TimeControl "2700+45"]

1. f4 d5 2. b3 Nf6 3. Nf3 e6 4. Bb2 c6 5. e3 Nbd7 6. Be2 Be7 7. O-O O-O 8. d3 c5
9. Nbd2 Qb6 10. Qe1 Ng4 11. Bd1 Bf6 12. Bxf6 Ngxf6 13. Qg3 Re8 14. Ne5 Nxe5 15.
fxe5 Nd7 16. Nf3 h6 17. c3 Rf8 18. d4 cxd4 19. exd4 f6 20. Bc2 fxe5 21. Kh1 e4
22. Ne5 Rxf1+ 23. Rxf1 Nxe5 24. Qxe5 Bd7 25. Rf4 Rf8 26. Rxf8+ Kxf8 27. Bd1 Qb5
28. Qf4+ Kg8 29. Bh5 Be8 30. Bg4 Bf7 31. h4 Qd3 32. Qe5 Qxc3 33. Bxe6 Bxe6 34.
Qxe6+ Kh7 35. Qxd5 Qe1+ 36. Kh2 e3 37. Qe4+ Kg8 38. Qe8+ Kh7 39. Qe4+ Kg8 40.
Qe8+ Kh7 41. Qe4+ Kg8 {Game drawn by repetition} 1/2-1/2

[Event "Team 45 45 League T96"]
[Site "Internet Chess Club"]
[Date "2023.06.03"]
[Round "4"]
[White "sdcohle"]
[Black "jjmolina1"]
[Result "0-1"]
[WhiteElo "1331"]
[BlackElo "1537"]
[Opening "Ruy Lopez: Anderssen variation"]
[ECO "C77"]
[Time "13:02:53"]
[PlyCount "142"]
[TimeControl "2700+45"]

1. e4 e5 2. Nf3 Nc6 3. Bb5 a6 4. Ba4 Nf6 5. d3 b5 6. Bb3 Be7 7. c3 O-O 8. O-O d6
9. h3 Na5 10. Bc2 c5 11. Nbd2 Qc7 12. Nb3 Bb7 13. Re1 Rfd8 14. d4 Nxb3 15. axb3
Rac8 16. dxc5 dxc5 17. Qe2 Rd6 18. Nxe5 Re6 19. Bf4 Bd6 20. Nd3 Bxf4 21. Nxf4
Qxf4 22. f3 Rd8 23. Rad1 Qc7 24. e5 Rxd1 25. Bxd1 Qb6 26. Kh1 Nd5 27. Bc2 Nf4
28. Qe3 Nd5 29. Qe4 Rh6 30. Qg4 Qc7 31. e6 fxe6 32. Rxe6 Rxe6 33. Qxe6+ Qf7 34.
Qxf7+ Kxf7 35. Be4 Bc6 36. c4 Ne7 37. Bd3 b4 38. Kg1 h6 39. Kf2 Kf6 40. f4 Nf5
41. g3 Nd4 42. g4 Nxb3 43. h4 g5 44. Kg3 Nc1 45. Bf1 a5 46. fxg5+ hxg5 47. h5 a4
48. Kf2 a3 49. bxa3 bxa3 50. h6 Be4 51. Bg2 Bxg2 52. h7 Kg7 53. Kxg2 a2 54. Kf2
a1=Q 55. Ke3 Qc3+ 56. Ke4 Qd4+ 57. Kf5 Qd8 58. h8=Q+ Kxh8 59. Ke6 Nd3 60. Kf5
Nf4 61. Ke5 Qe7+ 62. Kf5 Qg7 63. Ke4 Kh7 64. Kf5 Kh6 65. Ke4 Kg6 66. Kf3 Qd4 67.
Kg3 Qe4 68. Kf2 Qe2+ 69. Kg3 Qe3+ 70. Kh2 Qf2+ 71. Kh1 Qg2# {White checkmated}
0-1

[Event "Team 45 45 League T96"]
[Site "Internet Chess Club"]
[Date "2023.06.04"]
[Round "4"]
[White "kabindra"]
[Black "Tjet"]
[Result "1-0"]
[WhiteElo "1792"]
[BlackElo "1273"]
[Opening "Pirc: Ufimtsev-Pytel variation"]
[ECO "B07"]
[Time "02:00:29"]
[PlyCount "37"]
[TimeControl "2700+45"]

1. e4 d6 2. d4 Nf6 3. Nc3 c6 4. a4 Qa5 5. Bd2 Qb6 6. Nf3 Qxb2 7. Rb1 Qa3 8. Rb3
Qxb3 9. cxb3 Bg4 10. Be2 Bxf3 11. Bxf3 e5 12. dxe5 dxe5 13. O-O Bb4 14. Nd5 Bxd2
15. Nxf6+ gxf6 16. Qxd2 O-O 17. Qh6 Nd7 18. Bg4 Nc5 19. Bf5 {Black resigns} 1-0